 Dungeon Crawl Stone Soup version 0.24.0-123-gd5b16e6ec5 (webtiles) character file.

Game seed: 11722105564963977482, levelgen mode: deterministic

61 vurker the Gusty (level 4, -4/25 HPs)
             Began as a Tengu Air Elementalist on Jan 19, 2020.
             Killed from afar by an orc wizard (11 damage)
             ... with a magic dart
             ... on level 2 of the Dungeon.
             The game lasted 00:02:42 (1848 turns).

vurker the Gusty (Tengu Air Elementalist)           Turns: 1848, Time: 00:02:42

Health: -4/25      AC:  2    Str:  8    XL:     4   Next: 7%
Magic:  0/8        EV: 12    Int: 17    God:
Gold:   66         SH:  0    Dex: 14    Spells: 7/8 levels left

rFire    . . .     SeeInvis .   l - +0 dagger
rCold    . . .     Gourm    .   (no shield)
rNeg     . . .     Faith    .   a - +0 robe
rPois    .         Spirit   .   (helmet restricted)
rElec    .         Reflect  .   (no cloak)
rCorr    .         Harm     .   (no gloves)
MR       .....                  (boots unavailable)
Stlth    ++........             (no amulet)
HPRegen  0.08/turn              (no ring)
MPRegen  0.11/turn              (no ring)

@: no status effects
A: beak, talons 3
a: no special abilities


You were on level 2 of the Dungeon.
You were not hungry.

You visited 1 branch of the dungeon, and saw 2 of its levels.

You collected 66 gold pieces.

Inventory:

Hand Weapons
 l - a +0 dagger (weapon)
   (You took it off a kobold on level 1 of the Dungeon)
Armour
 a - a +0 robe (worn)
Scrolls
 c - 2 scrolls of identify {unknown}
 f - 3 scrolls of enchant weapon {unknown}
 g - 3 scrolls of enchant armour {unknown}
 k - a scroll of random uselessness {unknown}
 o - a scroll of blinking {unknown}
 q - a scroll of remove curse {unknown}
 r - a scroll of amnesia {unknown}
 s - a scroll of fog {unknown}
Potions
 d - a potion of cancellation {unknown}
 h - 4 potions of mutation {unknown}
 i - a potion of brilliance {unknown}
 j - a potion of berserk rage {unknown}
 m - 2 potions of lignification {unknown}
 n - a potion of curing {unknown}
 p - a potion of heal wounds {unknown}
Comestibles
 b - 5 chunks of flesh
 e - 3 rations


   Skills:
 + Level 1.0 Fighting
 - Level 2.1 Dodging
 - Level 2.0 Stealth
 * Level 2.6 Spellcasting
 * Level 2.9 Conjurations
 * Level 4.8 Air Magic


You had 7 spell levels left.
You knew the following spells:

 Your Spells              Type           Power        Failure   Level  Hunger
a - Shock                 Conj/Air       ###.         3%          1    #......

Your spell library contained the following spells:

 Spells                   Type           Power        Failure   Level  Hunger
 Swiftness                Chrm/Air       ##......     11%         2    ##.....
 Static Discharge         Conj/Air       ###.....     11%         3    ###....
 Airstrike                Air            ###.......   26%         4    #####..
 Lightning Bolt           Conj/Air       ###.......   71%         5    ######.


Dungeon Overview and Level Annotations

Branches:
Dungeon (2/15)

Altars:
Dithmenos
Hepliaklqana
Makhleb
Nemelex Xobeh
Trog
Wu Jian


Innate Abilities, Weirdness & Mutations

You have a beak for a mouth.
You have claws for feet.


Message History

An orc wizard is nearby!
Aim: an orc wizard, wielding a +0 dagger and wearing a +0 robe (hasn't noticed you)
The zap hits the orc wizard.
The orc wizard shouts!
Aim: an orc wizard, wielding a +0 dagger and wearing a +0 robe (moderately wounded)
The zap hits the orc wizard.
Aim: an orc wizard, wielding a +0 dagger and wearing a +0 robe (heavily wounded)
The zap misses the orc wizard.
You can't see any susceptible monsters within range! (Use Z to cast anyway.)
You can't see any susceptible monsters within range! (Use Z to cast anyway.)
You can't see any susceptible monsters within range! (Use Z to cast anyway.)
The orc wizard is too close now for your liking.
Aim: an orc wizard, wielding a +0 dagger and wearing a +0 robe (heavily wounded)
The zap hits the orc wizard.
The orc wizard mumbles some strange words.
The orc wizard flickers and vanishes!
Deactivating autopickup; reactivate with Ctrl-A.
You don't have enough magic to cast that spell.
You don't have enough magic to cast that spell.
You don't have enough magic to cast that spell.
You don't have enough magic to cast that spell.
Unknown command.
Unknown command.
Unknown command.
Unknown command.
You don't have enough magic to cast that spell.
A magic dart appears from out of thin air!
The magic dart hits you.
A puff of flame appears from out of thin air!
The puff of flame hits you!
* * * LOW HITPOINT WARNING * * *
You closely miss something. You claw something. You peck something.
Something hits you but does no damage.
You barely miss something. You claw something. Your peck misses something.
Something hits you but does no damage.
You barely miss something. Something barely misses you.
You hear some strange, mumbled words.
Something tries to affect you, but you resist.
You barely miss something. Something hits you but does no damage.
You hit something but do no damage. Something hits you.
* * * LOW HITPOINT WARNING * * *
You miss something. Something hits you but does no damage.
You hit something but do no damage.
You hear some strange, mumbled words.
A magic dart appears from out of thin air!
The magic dart hits you!
You die...

##.#.#†....##...........##
#.#.##....###.#########.#
# #.......# #.# #.#
#.####.######.# #.
#......#####..### .
#####...........#
#..##.#####..... #..##.#
..### #..##@# .# #..##.#
.# #..##.# # #..##..
#..#### # #..# ##. #..#
##.# #..# ##..# #.########
#.#.#.###


There were no monsters in sight!

Vanquished Creatures
  An adder (D:2)
  A worm (D:2)
  4 leopard geckos
  2 orcs (D:2)
  9 bats
  4 giant cockroaches
  3 goblins (D:2)
  4 hobgoblins (D:1)
  3 kobolds (D:1)
  2 frilled lizards
  8 rats
41 creatures vanquished.

Notes
Turn   | Place    | Note
-------+----------+-------------------------------------------
     0 | D:1      | vurker the Tengu Air Elementalist began the quest for the
                  | Orb.
     0 | D:1      | Reached XP level 1. HP: 10/10 MP: 4/4
   235 | D:1      | Reached XP level 2. HP: 15/15 MP: 1/6
   768 | D:1      | Reached XP level 3. HP: 20/20 MP: 0/7
  1406 | D:2      | Found a sparkling altar of Nemelex Xobeh.
  1577 | D:2      | Found an ornate altar of the Wu Jian Council.
  1599 | D:2      | Found a burning altar of Makhleb.
  1599 | D:2      | Found a hazy altar of Hepliaklqana.
  1599 | D:2      | Found a shadowy altar of Dithmenos.
  1600 | D:2      | Found a bloodstained altar of Trog.
  1718 | D:2      | Reached skill level 1 in Fighting
  1820 | D:2      | Reached XP level 4. HP: 25/25 MP: 3/8
  1848 | D:2      | Killed from afar by an orc wizard

Levels and vault maps discovered:
D:1:      co_arrival_random_square_maze, layout_basic
D:2:      layout_loops_ring, nicolae_overflow_crystal_walls,
          grunt_temple_overflow_open, old_standard_altar, minmay_misc_feat_alley

Skill      XL: |  1  2  3 |
---------------+----------+-----
Conjurations   | 2 |  2.9
Fighting       | 1 |  1.0
Dodging        | |  2.1
Stealth        | |  2.0
Spellcasting   | |  2.6
Air Magic      | |  4.8

Action                   |  1- 3 |  4- 6 || total
-------------------------+-------+-------++-------
Melee: Unarmed           |    17 |       ||    17
       Kick              |     7 |     2 ||     9
       Peck              |     6 |     1 ||     7
       Dagger            |     9 |     7 ||    16
 Cast: Shock             |    85 |     7 ||    92
  Eat: Chunk             |     4 |       ||     4
Armor: Robe              |    13 |     2 ||    15
Dodge: Dodged            |    31 |     1 ||    32
